AoeStats
← tcesurya

Arabia

505602931Analyzed
1v1 RM · 21d ago on Sep 10, 2026· 39m 16s· 2 players
Game mode
Random Map
Map size
Tiny (2 player)
Population
200
Speed
Normal
Resources
Standard
Victory
Conquest
Starting age
Dark Age
Ending age
Imperial Age
RankedLock teamsTeams togetherTeam positionsShared explorationLock speedFull tech treeHidden civsTurbo modeCheats
Victory
Defeat
🇲🇽 Berbers · Mexico
846
+18
🇮🇳 Britons · India
887
-18
tcesurya
6:46 Loom
9:19 Feudal Age
23:30 Castle Age
23:34 Fletching
23:45 Padded Archer Armor
23:53 Pikeman
24:27 Crossbowman
25:05 Bodkin Arrow
26:28 Ballistics
34:36 Leather Archer Armor
34:33 Forging
34:24 Scale Mail Armor
HUSEINMACO
6:37 Loom
9:21 Feudal Age
10:04 Double-Bit Axe
16:12 Scale Barding Armor
17:57 Wheelbarrow
21:39 Castle Age
20:21 Forging
21:14 Bloodlines
21:13 Gold Mining
22:52 Bow Saw
23:20 Horse Collar
24:35 Iron Casting
24:50 Chain Barding Armor
29:27 Hand Cart
29:40 Crossbowman
31:02 Town Watch
35:43 Imperial Age
35:20 Husbandry
38:06 Plate Barding Armor
36:52 Cavalier
38:58 Hoardings
38:36 Heavy Camel Rider
40:26 Blast Furnace
Connection lost

Rejoining the realm…

Still unreachable

The connection could not be restored.

Session expired

The server has moved on; the page needs a fresh start.